 Dungeon Crawl Stone Soup version 0.30-a0-1016-gfb0d676c02 (webtiles) character file.

Game seed: 14302706321239517339

34 OrthodoxDeviant the Chopper (level 3, 20/28 HPs)
             Began as a Demonspawn Gladiator on Apr 6, 2023.
             Quit the game on level 2 of the Dungeon.
             The game lasted 00:02:34 (550 turns).

OrthodoxDeviant the Chopper (Demonspawn Gladiator)   Turns: 550, Time: 00:02:35

Health: 20/28      AC:  9    Str: 16    XL:     3   Next: 14%
Magic:  3/3        EV:  8    Int:  9    God:
Gold:   67         SH:  0    Dex: 14    Spells: 2/2 levels left

rFire   . . .      SeeInvis .    a - +0 war axe
rCold   . . .      Faith    .    (no shield)
rNeg    . . .      Spirit   .    h - +0 chain mail
rPois   .          Reflect  .    c - +0 helmet
rElec   .          Rampage  .    (no cloak)
rCorr   .                        (no gloves)
Will    .....                    (no boots) Stlth
                                 (no amulet)
HPRegen 0.24/turn                (no ring)
MPRegen 0.08/turn                (no ring)

@: mildly poisoned (20 -> 18)
A: weakness stinger 1, demonic touch 1
a: no special abilities


You were on level 2 of the Dungeon.
You visited 1 branch of the dungeon, and saw 2 of its levels.

You collected 67 gold pieces.

Inventory:

Hand Weapons
 a - a +0 war axe (weapon)
Missiles
 d - 3 throwing nets (quivered)
 e - 7 javelins
Armour
 b - a +0 leather armour
 c - a +0 helmet (worn)
 h - a +0 chain mail (worn)
Scrolls
 j - a scroll of immolation {unknown}
Potions
 f - a potion of attraction {unknown}
 g - a potion of might {unknown}
 i - a potion of haste {unknown}


   Skills:
 + Level 2.9 Fighting
 + Level 3.3 Axes
 - Level 1.7 Throwing
 - Level 2.6 Dodging


You had 2 spell levels left.
You didn't know any spells.
Your spell library contained the following spells:

 Spells                   Type           Power      Damage    Failure   Level
 Ensorcelled Hibernation  Hex/Ice        0%         N/A       100%        2
 Passwall                 Tmut/Erth      0%         N/A       100%        2
 Swiftness                Air            0%         N/A       100%        3


Dungeon Overview and Level Annotations

Branches:
Dungeon (2/15)

Altars:


Innate Abilities, Weirdness & Mutations

You have a small tail.
Your touch may inflict minor irresistible damage on your foes.


Message History

The frilled lizard hisses angrily.
There is a stone staircase leading up here.
A frilled lizard is nearby!
A frilled lizard is nearby!
The frilled lizard bites you but does no damage.
You closely miss the frilled lizard.
You touch the frilled lizard.
You kill the frilled lizard!
No target in view!
No target in view!
You now have 67 gold pieces (gained 8).
An adder comes into view.
The adder hisses angrily.
An adder is nearby!
An adder is nearby!
An adder is nearby!
An adder is nearby!
You hit the adder.
The adder is lightly wounded.
The adder bites you but does no damage.
You barely miss the adder.
The adder is lightly wounded.
The adder bites you but does no damage. The adder bites you.
You closely miss the adder.
The adder is lightly wounded.
The adder closely misses you. The adder bites you but does no damage.
You closely miss the adder. Your touch misses the adder. You punch the adder.
The adder is moderately wounded.
The adder bites you.
You are poisoned.
The adder poisons you!
You miss the adder.
You touch the adder!
You kill the adder!
You feel sick.
You have reached level 3!
Your experience leads to an increase in your attributes!
Increase (S)trength, (I)ntelligence, or (D)exterity?
You feel stronger. x2; Your demonic ancestry asserts itself...
You grow a small tail.
Unknown command.
Are you sure you want to abandon this character and quit the game? (Confirm with "yes".)

.#.####.....#
#.....###..#
#####.# ..#
#.# .# ####.#
# #....#
#.#### #.#
#@# #†# #.#
... #.# ..#
###


There were no monsters in sight!

Vanquished Creatures
  An adder (D:2)
  A dart slug (D:1)
  2 bats (D:1)
  5 endoplasms (D:1)
  A goblin (D:1)
  2 hobgoblins (D:1)
  2 jackals (D:1)
  A quokka (D:1)
  A ball python (D:1)
  5 frilled lizards
  A rat (D:1)
22 creatures vanquished.

Notes
Turn   | Place    | Note
-------+----------+-------------------------------------------
     0 | D:1      | OrthodoxDeviant the Demonspawn Gladiator began the quest
                  | for the Orb.
     0 | D:1      | Reached XP level 1. HP: 16/16 MP: 1/1
   126 | D:1      | Reached skill level 3 in Axes
   188 | D:1      | Discovered your monstrous ancestry.
   188 | D:1      | Gained mutation: Your touch may inflict minor irresistible
                  | damage on your foes. [demonic ancestry]
   188 | D:1      | Reached XP level 2. HP: 23/23 MP: 2/2
   227 | D:1      | Found a faded altar of an unknown god.
   550 | D:2      | Gained mutation: You have a small tail. [demonic ancestry]
   550 | D:2      | Reached XP level 3. HP: 20/28 MP: 3/3
   550 | D:2      | Quit the game

Illustrated notes

Levels and vault maps discovered:
D:1:      wheals_arrival_shading, layout_rooms,
          hellmonk_ecumenical_altar_pennies_from_heaven
D:2:      layout_loops_ring

Skill      XL: |  1 |
---------------+----+-----
Axes           | 3 |  3.3
Fighting       | |  2.9
Throwing       | |  1.7
Dodging        | |  2.6

Action                     || total
---------------------------++-------
  Melee: War axe           ||    62
         Touch             ||     6
         Punch             ||     1
 Armour: Leather armour    ||     6
         Chain mail        ||    24
  Dodge: Dodged            ||    20

Table legend: (Time is in decaauts)
 A = Elapsed time spent in this place.
 B = Non-inter-level travel time spent in this place.
 C = Inter-level travel time spent in this place.
 D = Time resting spent in this place.
 E = Time spent auto-exploring this place.
 F = Levels seen in this place.
 G = Mean time per level.
                   A        B        C        D        E       F      G
               +--------+--------+--------+--------+--------+-----+--------+
         Total |    573 |    513 |     60 |      0 |    337 |   2 |  286.5 |
       Dungeon |    573 |    513 |     60 |      0 |    337 |   2 |  286.5 |
               +--------+--------+--------+--------+--------+-----+--------+

Top non-repeatable levels by time:
     D:1: 544 daAuts
     D:2: 29 daAuts
